 Dungeon Crawl Stone Soup version 0.20.0-10-g0535bb4 (webtiles) character file.

202502 kuniqs the Tortoise (level 17, -7/158 HPs)
             Began as a Minotaur Fighter on June 7, 2017.
             Was the Champion of Trog.
             Killed from afar by a wizard (56 damage)
             ... with a crystal spear
             ... on level 1 of the Vaults.
             The game lasted 01:17:07 (38821 turns).

kuniqs the Tortoise (Minotaur Fighter)             Turns: 38821, Time: 01:17:08

Health: -7/158     AC: 37    Str: 30    XL:     17   Next: 94%
Magic:  14/14      EV: 15    Int: 10    God:    Trog [******]
Gold:   951        SH: 17    Dex: 11    Spells: 16/16 levels left

rFire    . . .     SeeInvis .   W - +6 broad axe (flame)
rCold    . . .     Gourm    .   a - +2 shield {AC+3}
rNeg     . . .     Faith    +   y - +4 plate armour
rPois    .         Spirit   .   T - +1 hat
rElec    .         Reflect  .   L - +2 cloak
rCorr    .         Harm     .   g - +2 pair of gloves of the Pink Corner {Int+7}
MR       +++..                  K - +0 pair of boots
Stlth    ..........             Q - amulet of faith
Regen    1.4/turn               E - ring of the Philosopher {+Fly MR+ Str+3}
MPRegen  0.2/turn               J - +3 ring of protection

@: regenerating, studying Armour, drained
A: retaliatory headbutt, horns 2, dopey 1, low mp 1, no stealth, inability to
use devices, magic vulnerability 1, unskilled 1
}: 1/15 runes: decaying
a: Berserk, Trog's Hand, Brothers in Arms, Burn Spellbooks, Renounce Religion


You were on level 1 of the Vaults.
You worshipped Trog.
Trog was exalted by your worship.
You were not hungry.

You visited 7 branches of the dungeon, and saw 33 of its levels.
You also visited: Labyrinth, Bailey and Ice Cave.

You collected 4041 gold pieces.
You spent 3090 gold pieces at shops.

Inventory:

Hand Weapons
 w - the +7 hand axe "Qyduseuj" {drain, rF+ Str+4}
   (Trog gifted it to you on level 14 of the Dungeon)

   A truly terrible weapon, it drains the life of those it strikes.
   It affects your strength (+4).
   It protects you from fire.
 U - a +1 antimagic broad axe
 W - a +6 broad axe of flaming (weapon)
Missiles
 N - 7 throwing nets (quivered)
Armour
 a - a +2 shield of protection (worn)
 g - the +2 pair of gloves of the Pink Corner (worn) {Int+7}
   (You found it on level 9 of the Dungeon)

   It affects your intelligence (+7).
 y - a +4 plate armour (worn)
 K - a +0 pair of boots (worn)
 L - a +2 cloak (worn)
 T - a +1 hat (worn)
Jewellery
 b - an uncursed ring of positive energy
 m - an uncursed ring of resist corrosion
 E - the ring of the Philosopher (left hand) {+Fly MR+ Str+3}
   (You found it in a labyrinth)

   [ring of flight]

   It affects your strength (+3).
   It affects your resistance to hostile enchantments.
   It lets you fly.
 J - a +3 ring of protection (right hand)
 Q - an amulet of faith (around neck)
 V - an uncursed ring of ice
Scrolls
 h - 4 scrolls of magic mapping
 i - 15 scrolls of remove curse {@r2}
 p - a scroll of holy word
 r - 4 scrolls of enchant armour
 x - 8 scrolls of teleportation
 B - 4 scrolls of fear
 C - 6 scrolls of immolation
 D - 3 scrolls of fog
 F - a scroll of blinking
 I - 2 scrolls of enchant weapon
 P - 3 scrolls of identify {@r1}
 R - a scroll of summoning
 S - 2 scrolls of brand weapon
Potions
 j - 8 potions of curing {@q1}
 k - a potion of resistance
 n - 3 potions of ambrosia
 o - 4 potions of heal wounds
 q - a potion of cancellation
 s - 3 potions of might
 t - 2 potions of agility
 u - 2 potions of flight
 v - a potion of berserk rage
 z - 3 potions of mutation
 A - 6 potions of haste
 H - a potion of lignification
 M - a potion of invisibility
Books
 c - a manual of Armour
Comestibles
 d - 20 bread rations
 e - 21 meat rations
 f - 24 fruits
 l - 5 royal jellies
 G - 3 chunks of flesh


   Skills:
 + Level 16.2(15.2) Fighting
 + Level 15.8(14.8) Axes
 + Level 17.9(16.9) Armour
 + Level 16.5(15.5) Dodging
 + Level 16.1(15.1) Shields


You had 16 spell levels left.
You didn't know any spells.

Dungeon Overview and Level Annotations

Branches:
Dungeon (15/15)            Temple (1/1) D:7            Lair (6/6) D:8
  Swamp (4/4) Lair:4       Spider (4/4) Lair:4        Slime (0/5) Lair:5
    Orc (2/2) D:12            Elf (0/3) Orc:2        Vaults (1/5) D:14
 Depths: D:15

Altars:
Ashenzari
Cheibriados
Dithmenos
Elyvilon
Fedhas
Gozag
Hepliaklqana
Kikubaaqudgha
Makhleb
Nemelex Xobeh
Okawaru
Qazlal
Ru
Sif Muna
Trog
Uskayaw
Vehumet
Xom
Yredelemnul
Zin
The Shining One

Shops:
D:8 [   D:9 :   D:13 *   Orc:2 %(:}}   Vaults:1 =

Annotations:
D:2 1 runed door
D:14 exclusion: Roxanne, Roxanne


Innate Abilities, Weirdness & Mutations

You reflexively headbutt those who attack you in melee.
You have a pair of horns on your head.
You are dopey. (Int -2)
Your magical capacity is low. (-10% MP)
You cannot be stealthy.
You cannot study or use magical devices.
You are slightly vulnerable to magic. (MR-)
You are somewhat unskilled. (-1 Apt)


Message History

You headbutt the ghostly deep elf death mage!!
The ghostly deep elf death mage is severely damaged.
The ghostly deep elf death mage gestures wildly while chanting.
The corpses begin to drag themselves along the ground! 2 crawling corpses come into view.
You slice the ghostly deep elf death mage!!
You burn the ghostly deep elf death mage.
You destroy the ghostly deep elf death mage!
Trog accepts your kill.
Trog appreciates your killing of a magic user.
Your skin crawls.
You feel resistant to hostile enchantments.
You feel somewhat more hungry.
Things that are here:
a short sword; a rapier You slice the crawling corpse!!
You burn the crawling corpse.
You destroy the crawling corpse!
The wizard casts a spell at you. The crystal spear hits you!
You die...

#.......#
#.......# ...
#.......# ..
#...∩...##'######
#................
#............!...
#.......p........
#.........)......
#.......@.x......
#...[.....)...###
#.............#
#.............#
#..........####
#.....###..#
#....##.##.#
#...##...###
#..##.....#####


You could see a wizard and a crawling corpse.

Vanquished Creatures
  Nikola (Vaults:1)
  Arachne (Spider:2)
  Jorgrun (Spider:2)
  An acid blob (Lair:5)
  Gastronok (Lair:2)
  3 thorn hunters
  The ghost of PeterLawrence the Warrior, a journeyman MiFi of Okawaru (D:12)
  2 vault wardens (Vaults:1)
  2 emperor scorpions (Spider:4)
  A ghost moth (Spider:4)
  A very ugly thing (Swamp:3)
  2 ironheart preservers (Vaults:1)
  2 entropy weavers (Spider:3)
  A spark wasp (Spider:3)
  A deep elf annihilator (Vaults:1)
  2 deep elf death magi (Vaults:1)
  Snorg (Lair:5)
  A minotaur (Lab)
  Josephine (Orc:1)
  Fannar (Lair:3)
  A fire dragon (Lair:6)
  An ice dragon (Vaults:1)
  23 hydras
  Harold (Orc:1)
  A catoblepas (Lair:5)
  2 centaur warriors (D:14)
  12 alligators
  A ghost crab (Swamp:2)
  14 two-headed ogres
  2 death knights
  Urug (Lair:3)
  4 ogre magi
  An orc high priest (Orc:1)
  2 deep elf knights
  A skeletal warrior (D:14)
  2 shambling mangroves
  3 unseen horrors
  2 deep trolls (Orc:2)
  A phantasmal warrior (D:14)
  3 spriggan druids
  13 swamp dragons
  An ironbrand convoker (Vaults:1)
  7 orc knights
  12 orb spiders
  17 wolf spiders
  5 cyclopes
  8 ugly things
  10 deep elf magi
  3 elephants (Lair:4)
  A manticore (D:12)
  2 black mambas
  4 rime drakes
  11 spiny frogs
  A rime drake (shapeshifter) (Vaults:1)
  7 komodo dragons
  3 kobold demonologists
  An efreet (D:14)
  6 demonic crawlers
  3 yaktaurs (Vaults:1)
  A harpy zombie (D:14)
  13 trolls
  A merfolk (shapeshifter) (Vaults:1)
  18 jumping spiders
  A troll (shapeshifter) (Vaults:1)
  8 tyrant leeches
  3 polar bears
  A spectral tarantella (Spider:4)
  16 hornets
  22 slime creatures
  A queen bee (D:10)
  A minotaur skeleton (Lab)
  5 bog bodies
  6 hippogriffs
  5 blink frogs (Swamp:3)
  43 redbacks
  24 tarantellas
  7 wraiths
  2 wyverns
  A centaur simulacrum (D:14)
  5 spriggans
  A shadow (Swamp:3)
  26 yaks
  6 hungry ghosts
  6 basilisks
  A steam dragon (D:6)
  A yaktaur simulacrum (Vaults:1)
  15 vampire mosquitoes
  6 wargs
  4 acid dragons
  18 insubstantial wisps
  21 swamp worms
  A soldier ant (shapeshifter) (Vaults:1)
  16 water moccasins
  16 porcupines
  A meliai simulacrum (D:14)
  9 black bears
  A hornet zombie (D:10)
  19 swamp drakes
  3 sky beasts
  9 ice beasts
  25 orc warriors
  3 eyes of draining
  7 phantoms
  29 ogres
  12 wolves
  16 centaurs
  15 crocodiles
  10 big kobolds
  2 wyvern zombies (D:12)
  18 bullfrogs
  10 gnoll sergeants
  15 killer bees
  A water moccasin skeleton (D:10)
  4 wights (D:6)
  An electric eel (D:14)
  5 howler monkeys
  5 jellies
  4 crimson imps
  5 quasits
  4 centaur zombies
  A wyvern simulacrum (D:14)
  2 bullfrog zombies
  24 orc wizards
  5 centaur skeletons
  6 gnoll shamans (Bailey)
  12 orc priests
  2 bullfrog skeletons
  5 hounds
  Jessica (D:2)
  7 iguanas
  2 hell rats (Lair:1)
  9 worker ants
  A killer bee zombie (D:10)
  A hound skeleton (D:6)
  21 gnolls
  13 adders
  9 river rats (Lair:1)
  A shadow imp (D:6)
  14 white imps
  4 oozes
  3 adder skeletons
  2 adder zombies
  A worm (D:2)
  A dart slug (D:1)
  3 leopard geckos
  84 orcs
  4 giant cockroaches
  4 goblins
  4 hobgoblins
  29 kobolds
  6 quokkas
  2 bats (D:2)
  16 frilled lizards
  A jackal skeleton (D:4)
  A leopard gecko skeleton (D:4)
  A quokka skeleton (D:6)
  3 rats
  A crawling corpse (Vaults:1)
  4 fungi (Lair:2)
  10 plants
1095 creatures vanquished.

Vanquished Creatures (collateral kills)
  Frances (Spider:2)
  An ironheart preserver (Vaults:1)
  2 orb spiders (Spider:1)
  A cyclops (Vaults:1)
  A vault sentinel (Vaults:1)
  2 yaktaurs (Vaults:1)
  5 jumping spiders (Spider:1)
  A redback (Spider:1)
  A wraith (Vaults:1)
15 creatures vanquished.

Vanquished Creatures (others)
  Asterion (Spider:1)
  2 spriggan druids (Swamp:4)
  A komodo dragon (Lair:4)
  A jumping spider (Spider:1)
  A redback (Spider:1)
  A wolf (Lair:1)
  2 centaurs (D:12)
  2 kobolds
  4 fungi
  14 plants
29 creatures vanquished.

Grand Total: 1139 creatures vanquished

Notes
Turn   | Place    | Note
-------+----------+-------------------------------------------
     0 | D:1      | kuniqs the Minotaur Fighter began the quest for the Orb.
     0 | D:1      | Reached XP level 1. HP: 19/19 MP: 0/0
   173 | D:1      | Reached XP level 2. HP: 27/27 MP: 1/1
   414 | D:2      | Reached skill level 4 in Armour
   499 | D:2      | Found a runed door.
   609 | D:2      | Reached skill level 1 in Dodging
   609 | D:2      | Reached XP level 3. HP: 20/33 MP: 2/2
   995 | D:2      | Noticed Jessica
  1000 | D:2      | Killed Jessica
  1000 | D:2      | Reached XP level 4. HP: 40/40 MP: 3/3
  2151 | D:4      | Reached XP level 5. HP: 46/46 MP: 4/4
  2236 | D:4      | Reached skill level 5 in Armour
  2419 | D:4      | Noticed a phantom
  2437 | D:4      | Killed a phantom
  2437 | D:4      | Reached XP level 6. HP: 50/53 MP: 5/5
  2664 | D:5      | Entered Level 5 of the Dungeon
  2950 | D:5      | Noticed a sky beast
  2967 | D:5      | Killed a sky beast
  2967 | D:5      | Reached skill level 5 in Fighting
  2967 | D:5      | Reached skill level 5 in Shields
  3330 | D:5      | Reached XP level 7. HP: 61/61 MP: 6/6
  3878 | D:6      | Reached skill level 5 in Axes
  4054 | D:6      | Reached skill level 6 in Armour
  4219 | D:6      | Reached XP level 8. HP: 30/70 MP: 7/7
  4843 | D:6      | Reached skill level 7 in Armour
  5198 | D:6      | Reached skill level 5 in Dodging
  5489 | D:7      | Found a staircase to the Ecumenical Temple.
  5808 | D:7      | Reached XP level 9. HP: 61/79 MP: 8/8
  5853 | Temple   | Entered the Ecumenical Temple
  5878 | Temple   | Became a worshipper of Ru the Awakened
  5943 | D:7      | Found a bloodstained altar of Trog.
  6307 | D:8      | Found Leqin's Armour Emporium.
  6354 | D:8      | Reached skill level 8 in Armour
  6529 | D:8      | Got a steaming trident
  6530 | D:8      | Identified the +6 trident "Soamn" {holy, Str+4} (You found it on level 8 of the Dungeon)
  6548 | D:8      | Found a staircase to the Lair.
  6739 | D:8      | Reached XP level 10. HP: 85/90 MP: 9/9
  6816 | D:8      | Found a sparkling altar of Nemelex Xobeh.
  6919 | D:8      | Gained mutation: You are somewhat unskilled. (-1 Apt) [Ru sacrifice]
  6919 | D:8      | Reached * piety under Ru
  7389 | D:9      | Found Zudaong's Book Shop.
  7406 | D:9      | Identified the +2 pair of gloves of the Pink Corner {Int+7} (You found it on level 9 of the Dungeon)
  7809 | D:10     | Entered Level 10 of the Dungeon
  8759 | D:10     | Gained mutation: You cannot study or use magical devices. [Ru sacrifice]
  8759 | D:10     | Reached ** piety under Ru
  8759 | D:10     | Reached *** piety under Ru
  8923 | D:10     | Found a shadowy altar of Dithmenos.
  9091 | D:10     | Reached skill level 9 in Armour
  9374 | D:11     | Reached XP level 11. HP: 95/97 MP: 10/10
  9519 | D:11     | Noticed an unseen horror
  9520 | D:11     | Killed an unseen horror
  9727 | D:11     | Noticed a two-headed ogre
  9735 | D:11     | Killed a two-headed ogre
 10525 | D:12     | Found a staircase to the Orcish Mines.
 10662 | D:12     | Got an encrusted ring mail
 10716 | D:12     | Gained mutation: You are slightly vulnerable to magic. (MR-) [Ru sacrifice]
 10716 | D:12     | Reached **** piety under Ru
 10716 | D:12     | Reached ***** piety under Ru
 10763 | D:12     | Reached skill level 10 in Fighting
 11065 | D:12     | Reached skill level 10 in Shields
 11249 | D:12     | Noticed PeterLawrence's ghost (journeyman MiFi)
 11260 | D:12     | Killed PeterLawrence's ghost
 11260 | D:12     | Reached skill level 10 in Armour
 11407 | D:13     | Found a frozen archway.
 11431 | IceCv    | Entered an ice cave
 11448 | IceCv    | Reached XP level 12. HP: 90/106 MP: 11/11
 11455 | IceCv    | Reached skill level 10 in Axes
 11523 | D:13     | Found a flagged portal.
 11529 | Bailey   | Entered a bailey
 12334 | D:13     | Found Getwokos's Changing Room.
 12549 | D:13     | Gained mutation: Your magical capacity is low. (-10% MP) [Ru sacrifice]
 12971 | Lair:1   | Entered Level 1 of the Lair of Beasts
 13828 | Lair:2   | Noticed a four-headed hydra
 13837 | Lair:2   | Killed a four-headed hydra
 13837 | Lair:2   | Reached skill level 11 in Armour
 13839 | Lair:2   | Noticed a seven-headed hydra
 13858 | Lair:2   | Killed a seven-headed hydra
 14182 | Lair:2   | Noticed Gastronok
 14210 | Lair:2   | Killed Gastronok
 14210 | Lair:2   | Reached skill level 10 in Dodging
 14254 | Lair:2   | Identified the cursed +1 ring mail "Enweawu" {rPois rN++ Regen+ Str-5} (You found it on level 12 of the Dungeon)
 14344 | Lair:2   | Reached XP level 13. HP: 116/116 MP: 10/10
 14569 | Lair:3   | Gained mutation: You cannot be stealthy. [Ru sacrifice]
 14601 | Lair:3   | Noticed Fannar
 15013 | Lair:4   | Found a hole to the Spider Nest.
 15822 | Lair:4   | Found a staircase to the Swamp.
 15904 | Lair:5   | Found a shadowy altar of Dithmenos.
 16809 | Lair:5   | Found a staircase to the Slime Pits.
 16822 | Lair:5   | Noticed an acid blob
 16830 | Lair:5   | Noticed Snorg
 16902 | Lair:3   | Killed Fannar
 17173 | Lair:3   | Gained mutation: You are dopey. (Int -2) [Ru sacrifice]
 17173 | Lair:3   | Reached ****** piety under Ru
 17176 | Lair:3   | Fell from the grace of Ru
 17342 | D:7      | Became a worshipper of Trog the Wrathful
 17456 | Orc:1    | Entered Level 1 of the Orcish Mines
 17510 | Orc:2    | Entered Level 2 of the Orcish Mines
 17581 | Orc:2    | Found Penofeimm's Food Boutique.
 17863 | Orc:2    | Reached * piety under Trog
 18330 | Orc:2    | Reached skill level 12 in Armour
 18578 | Orc:2    | Found Fosoad's Weapon Shoppe.
 18584 | Orc:2    | Found Kusm's Book Shop.
 18622 | Orc:2    | Reached ** piety under Trog
 18995 | Orc:2    | Found Puufer's Gadget Boutique.
 18997 | Orc:2    | Found Keukkupt's Gadget Shop.
 19079 | Orc:2    | Reached XP level 14. HP: 121/127 MP: 11/11
 19168 | Orc:2    | Found a staircase to the Elven Halls.
 19474 | Orc:1    | Reached *** piety under Trog
 19592 | Orc:1    | Noticed Josephine
 19608 | Orc:1    | Killed Josephine
 19695 | Orc:1    | Noticed Harold
 19762 | Orc:1    | Killed Harold
 20055 | Orc:1    | Reached **** piety under Trog
 20189 | Orc:2    | Bought a manual of Dodging for 1545 gold pieces
 21336 | D:14     | Reached ***** piety under Trog
 21405 | D:14     | Reached skill level 13 in Armour
 21768 | D:14     | Found a gate to the Vaults.
 21799 | D:14     | Noticed Roxanne
 22087 | D:14     | Received a gift from Trog
 22094 | D:14     | Got a shimmering hand axe {god gift}
 22095 | D:14     | Identified the +7 hand axe "Qyduseuj" {drain, rF+ Str+4} (Trog gifted it to you on level 14 of the Dungeon)
 22369 | D:15     | Entered Level 15 of the Dungeon
 22830 | Lair:3   | Noticed Urug
 22845 | Lair:3   | Killed Urug
 23363 | Lair:5   | Reached XP level 15. HP: 136/136 MP: 12/12
 23427 | Lair:5   | Killed an acid blob
 23428 | Lair:5   | Killed Snorg
 23518 | Lair:5   | Identified the cursed +0 pair of gloves of Optimism {Dex+3} (You found it on level 5 of the Lair of Beasts)
 23985 | Lair:6   | Entered Level 6 of the Lair of Beasts
 23997 | Lair:6   | Found a labyrinth entrance.
 24015 | Lab      | Entered a labyrinth
 25847 | Lab      | Got a sparkling amber ring
 25850 | Lab      | Identified the ring of the Philosopher {+Fly MR+ Str+3} (You found it in a labyrinth)
 26393 | Lair:6   | Received a gift from Trog
 26913 | D:9      | Bought a manual of Armour for 1545 gold pieces
 27089 | Swamp:1  | Entered Level 1 of the Swamp
 27299 | Swamp:1  | Found a hazy altar of Hepliaklqana.
 28004 | Swamp:1  | Received a gift from Trog
 28285 | Swamp:2  | Reached skill level 14 in Armour
 28351 | Swamp:2  | Reached ****** piety under Trog
 29623 | Swamp:3  | Noticed a thorn hunter
 29636 | Swamp:3  | Killed a thorn hunter
 29679 | Swamp:3  | Received a gift from Trog
 29679 | Swamp:3  | Reached XP level 16. HP: 131/147 MP: 13/13
 29844 | Swamp:3  | Noticed a thorn hunter
 29863 | Swamp:3  | Killed a thorn hunter
 30187 | Swamp:4  | Entered Level 4 of the Swamp
 30197 | Swamp:4  | Reached skill level 15 in Armour
 30734 | Swamp:3  | Reached skill level 15 in Dodging
 31313 | Swamp:4  | Received a gift from Trog
 31710 | Swamp:4  | Noticed a thorn hunter
 31748 | Swamp:4  | Killed a thorn hunter
 31842 | Swamp:4  | Reached skill level 15 in Fighting
 32203 | Swamp:4  | Reached skill level 15 in Shields
 32458 | Swamp:4  | Got a decaying rune of Zot
 32753 | Spider:1 | Entered Level 1 of the Spider Nest
 32806 | Spider:1 | Noticed Asterion
 32823 | Spider:1 | Killed Asterion
 32823 | Spider:1 | Reached skill level 16 in Armour
 34463 | Spider:2 | Noticed Frances
 34473 | Spider:2 | Killed Frances
 34473 | Spider:2 | Received a gift from Trog
 34473 | Spider:2 | Reached skill level 15 in Axes
 34671 | Spider:2 | Reached XP level 17. HP: 156/156 MP: 14/14
 34695 | Spider:2 | Noticed Arachne
 34724 | Spider:2 | Killed Arachne
 35242 | Spider:2 | Noticed Jorgrun
 35253 | Spider:2 | Killed Jorgrun
 36522 | Spider:4 | Entered Level 4 of the Spider Nest
 36581 | Spider:4 | Received a gift from Trog
 36590 | Spider:4 | Reached skill level 17 in Armour
 37853 | Vaults:1 | Entered Level 1 of the Vaults
 37864 | Vaults:1 | Received a gift from Trog
 37946 | Vaults:1 | Found Wuzycir's Jewellery Shop.
 38601 | Vaults:1 | Noticed Nikola
 38748 | Vaults:1 | Killed Nikola
 38821 | Vaults:1 | Killed from afar by a wizard

Skill      XL: |  1  2  3  4  5  6  7  8  9 10 11 12 13 14 15 16 17 |
---------------+----------------------------------------------------+-----
Armour         | 4 5 6 7 8 9 10 11 12 13 14 16 17 | 17.9
Fighting       | 4 5 6 7 8 9 10 11 12 13 14 15 16 | 16.2
Dodging        | 1 2 3 4 5 6 7 8 10 11 12 14 15 16 | 16.5
Axes           | 3 4 5 6 8 8 9 11 12 13 14 15 | 15.8
Shields        | 4 5 7 8 9 10 11 12 13 14 15 16 | 16.1

Action                   |  1- 3 |  4- 6 |  7- 9 | 10-12 | 13-15 | 16-18 || total
-------------------------+-------+-------+-------+-------+-------+-------++-------
Melee: War axe           |    62 |   149 |   287 |       |       |       ||   498
       Headbutt          |     8 |    20 |    74 |   193 |   414 |   326 ||  1035
       Trident           |       |       |    52 |  1001 |   494 |   118 ||  1665
       Hand axe          |       |       |       |     3 |  1004 |   873 ||  1880
       Broad axe         |       |       |       |       |       |   114 ||   114
Throw: Throwing net      |       |       |       |     1 |       |       ||     1
Invok: Sacrifice Artific |       |       |       |     1 |       |       ||     1
       Sacrifice Skill   |       |       |       |     1 |       |       ||     1
       Sacrifice Essence |       |       |       |     2 |       |       ||     2
       Apocalypse        |       |       |       |     1 |     2 |       ||     3
       Berserk           |       |       |       |       |    19 |     6 ||    25
       Burn Spellbooks   |       |       |       |       |     6 |       ||     6
       Power Leap        |       |       |       |       |     1 |       ||     1
       Sacrifice Purity  |       |       |       |       |     1 |       ||     1
       Sacrifice Stealth |       |       |       |       |     1 |       ||     1
       Renounce Religion |       |       |       |       |     1 |       ||     1
       Trog's Hand       |       |       |       |       |     2 |     1 ||     3
       Brothers in Arms  |       |       |       |       |       |     5 ||     5
Evoke: Wand              |       |       |     4 |       |       |       ||     4
  Use: Scroll            |       |       |       |    21 |    15 |     2 ||    38
       Potion            |       |       |       |     3 |     2 |     4 ||     9
 Stab: Distracted        |       |       |       |     2 |     1 |     1 ||     4
       Held in net/web   |       |       |       |     4 |       |       ||     4
       Paralysed         |       |       |       |     3 |     3 |       ||     6
       Invisible         |       |       |       |     2 |     3 |       ||     5
  Eat: Chunk             |       |     8 |     9 |    26 |    51 |    30 ||   124
       Royal jelly       |       |       |     1 |       |    10 |     4 ||    15
Armor: Scale mail        |    32 |     2 |       |       |       |       ||    34
       Chain mail        |       |    28 |       |       |       |       ||    28
       Plate armour      |       |    52 |   201 |   406 |   578 |   311 ||  1548
       Swamp dragon scal |       |       |       |       |       |    84 ||    84
Dodge: Dodged            |    22 |    30 |   111 |   266 |   514 |   504 ||  1447
Block: Shield            |    33 |    73 |   201 |   487 |   922 |   770 ||  2486
